 Dungeon Crawl Stone Soup version 0.29.0-5-ge4962eb29e (webtiles) character file.

Game seed: 7710152840410365671

9251 Flugkiller the Cleaver (level 11, -1/99 HPs)
             Began as a Minotaur Fighter on Aug 28, 2022.
             Was a Priest of Cheibriados.
             Slain by Urug
             ... wielding a +6 glaive
              (18 damage)
             ... on level 10 of the Dungeon.
             The game lasted 00:03:56 (8937 turns).

Flugkiller the Cleaver (Minotaur Fighter)           Turns: 8937, Time: 00:03:57

Health: -1/99      AC: 16    Str: 29    XL:     11   Next: 20%
Magic:  14/14      EV: 12    Int: 13    God:    Cheibriados [***...]
Gold:   629        SH:  6    Dex: 22    Spells: 10/10 levels left

rFire   . . .      SeeInvis +   a - +0 war axe
rCold   . . .      Faith    .   c - +0 buckler
rNeg    . . .      Spirit   .   J - +0 plate armour
rPois   .          Reflect  .   (helmet restricted)
rElec   .          Harm     .   (no cloak)
rCorr   .          Rampage  .   m - +1 pair of gloves
Will    .....                   (no boots)
Stlth   ..........              H - amulet of regeneration
HPRegen 1.06/turn               i - ring of see invisible
MPRegen 0.14/turn               (no ring)

@: very slow
A: horns 2, retaliatory headbutt
a: Renounce Religion, Bend Time, Temporal Distortion


You were on level 10 of the Dungeon.
You worshipped Cheibriados.
Cheibriados was most pleased with you.
You visited 1 branch of the dungeon, and saw 10 of its levels.

You collected 629 gold pieces.

Inventory:

Hand Weapons
 a - a +0 war axe (weapon)
 A - the +9 hand axe "Axust" {freeze, *Rage rPois Will+++ Str+5}
   (You took it off an orc on level 6 of the Dungeon)

   It freezes those it strikes, dealing additional cold damage.
   It can also slow down cold-blooded creatures.
   Str:       It affects your strength (+5).
   rPois:     It protects you from poison.
   *Rage:     It berserks you when you make melee attacks (+20% chance).
   Will:      It greatly increases your willpower.
Missiles
 x - 3 javelins (quivered)
 E - 2 throwing nets
Armour
 b - a +0 scale mail
 c - a +0 buckler (worn)
 m - a +1 pair of gloves (worn)
   (You found it on level 2 of the Dungeon)
 t - the -2 pair of gloves of Odworez {Drain rPois rF+}
   (You found it on level 5 of the Dungeon)

   rF:        It protects you from fire.
   rPois:     It protects you from poison.
   Drain:     It drains your maximum health when unequipped.
 G - a +0 kite shield
   (You took it off a gnoll sergeant on level 8 of the Dungeon)
 J - a +0 plate armour (worn)
   (You took it off an orc warrior on level 8 of the Dungeon)
Jewellery
 i - a ring of see invisible (left hand)
   (You found it on level 1 of the Dungeon)
 r - an amulet of reflection
   (You found it on level 5 of the Dungeon)
 z - a ring of flight
   (You found it on level 6 of the Dungeon)
 H - an amulet of regeneration (around neck)
   (You found it on level 8 of the Dungeon)
Wands
 g - a wand of digging (7)
   (You found it on level 5 of the Dungeon)
 B - a wand of mindburst (13)
   (You found it on level 6 of the Dungeon)
 C - a wand of paralysis (20)
   (You found it on level 6 of the Dungeon)
 I - a wand of roots (10)
   (You found it on level 8 of the Dungeon)
Scrolls
 f - 2 scrolls of poison {unknown}
 j - 3 scrolls of fog {unknown}
 k - 4 scrolls of identify {unknown}
 o - a scroll of brand weapon {unknown}
 p - a scroll of fear {unknown}
 v - a scroll of immolation {unknown}
 y - 2 scrolls of vulnerability {unknown}
 F - a scroll of enchant weapon {unknown}
 K - a scroll of teleportation {unknown}
Potions
 d - a potion of berserk rage {unknown}
 e - 2 potions of brilliance {unknown}
 h - a potion of cancellation {unknown}
 l - a potion of attraction {unknown}
 n - 2 potions of magic {unknown}
 q - 3 potions of curing
 s - 3 potions of degeneration {unknown}
 u - a potion of lignification {unknown}
 w - 2 potions of heal wounds
 D - a potion of invisibility {unknown}


   Skills:
 + Level 9.7 Fighting
 * Level 13.0 Axes
 + Level 9.7 Armour
 + Level 6.9 Dodging
 - Level 3.6 Shields
 + Level 6.2 Invocations


You had 10 spell levels left.
You didn't know any spells.
Your spell library was empty.

Dungeon Overview and Level Annotations

Branches:
Dungeon (10/15)            Temple (0/1) D:7
   Lair: D:8-11         Orc: D:9-12

Altars:
Ashenzari
Cheibriados
Dithmenos
Elyvilon
Nemelex Xobeh
Qazlal
Ru
Uskayaw
Zin

Annotations:
D:8 2 transporters, diceflayer's ghost, novice DsFi
D:10 Urug


Innate Abilities, Weirdness & Mutations

You have a pair of horns on your head.
You reflexively headbutt those who attack you in melee.


Message History

You completely miss the yak. You headbutt the yak!
You kill the yak!
Cheibriados appreciates the change of pace.
You completely miss the yak. You slash the yak! x2
You kill the yak!
Cheibriados appreciates the change of pace.
You slash the yak! The yak gores you but does no damage.
The yak closely misses you. The yak gores you but does no damage.
You slash the yak! Your headbutt misses the yak.
The yak is almost dead.
You hit the yak. x2; You slash the yak! You block the yak's attack.
The yak gores you but does no damage. You block the yak's attack.
The yak gores you.
You slice the yak!!
You kill the yak!
Cheibriados appreciates the change of pace.
Cheibriados raises the support of your attributes as your movement slows.
You hit the yak but do no damage. x2; You hit the yak.
You slash the yak!
The yak is almost dead.
You slash the yak! x2; The yak misses you.
You furiously retaliate!
You headbutt the yak, but do no damage. The yak gores you.
You block the yak's attack.
You hit the yak but do no damage.
The yak is almost dead.
You hit the yak but do no damage. You slash the yak! The yak gores you.
The yak closely misses you.
Urug hits you from afar with a +6 glaive!!
The yak misses you.
You slice the yak!!
You kill the yak!
Cheibriados thoroughly appreciates the change of pace.
You hit the yak but do no damage. You barely miss the yak.
The yak gores you but does no damage.
Urug hits you from afar with a +6 glaive!
The yak gores you but does no damage.
You hit the yak but do no damage. You headbutt the yak!
The yak is almost dead.
You closely miss the yak.
Urug hits you from afar with a +6 glaive!
* * * LOW HITPOINT WARNING * * *
The yak gores you but does no damage. x2
You are too injured to fight recklessly!
You are too injured to fight recklessly!
You are too injured to fight recklessly!
You are too injured to fight recklessly!
You are too injured to fight recklessly!
Unknown command.
You feel much better. Urug barely misses you. The yak barely misses you.
The yak gores you!
Okay, then.
Unknown command.
Okay, then.
You closely miss the yak.
The yak is almost dead.
You slash the yak! The yak closely misses you. The yak barely misses you.
Urug barely misses you.
You hit the yak.
You kill the yak!
Cheibriados appreciates the change of pace.
You hit the yak but do no damage. The yak gores you but does no damage.
Urug closely misses you.
Your Axes skill increases to level 13!
You hit the yak but do no damage. Your headbutt misses the yak.
The yak is almost dead.
You slash the yak!
You kill the yak!
Cheibriados appreciates the change of pace.
Urug closely misses you. Urug barely misses you.
Urug hits you with a +6 glaive!
* * * LOW HITPOINT WARNING * * *
You hit Urug but do no damage. You block Urug's attack.
You hit Urug but do no damage. Urug hits you with a +6 glaive.
* * * LOW HITPOINT WARNING * * *
You completely miss Urug. Urug hits you with a +6 glaive.
* * * LOW HITPOINT WARNING * * *
You slash Urug! You headbutt Urug.
Urug is moderately wounded.
You feel much better. You block Urug's attack.
You closely miss Urug. You headbutt Urug, but do no damage.
Urug is moderately wounded.
Urug closely misses you. You furiously retaliate!
You headbutt Urug. You hit Urug.
Urug is moderately wounded.
You block Urug's attack.
You barely miss Urug. You headbutt Urug.
Urug is moderately wounded.
You block Urug's attack.
You completely miss Urug.
Urug is moderately wounded.
Urug hits you with a +6 glaive!!
* * * LOW HITPOINT WARNING * * *
You hit Urug. You headbutt Urug!
Urug is heavily wounded.
Urug hits you with a +6 glaive!
* * * LOW HITPOINT WARNING * * *
You hit Urug. You headbutt Urug, but do no damage.
Urug is heavily wounded.
Urug hits you with a +6 glaive!!
You die...

##.....##
#...#
###...##..#
#$..#
.....###..##
#...# ....##
##..# #...#
#...#
#..#####...#
##..#
#..).......#
##..#
#..........#
#...#
########.†.#
...## #@..#
..## #o..#
#...# #...#
#...# #...#
#.... #..###


You could see Urug.

Vanquished Creatures
  Erolcha (D:9)
  A hydra (D:7)
  2 two-headed ogres
  Pikel (D:7)
  A gargoyle (D:10)
  Maggie (D:6)
  2 trolls
  Prince Ribbit (D:9)
  Sigmund (D:6)
  13 yaks (D:10)
  2 steam dragons
  3 wyverns (D:9)
  4 ice beasts
  2 orc warriors
  A black bear (D:5)
  2 ogres
  A centaur (D:9)
  A phantom (D:6)
  A lemure (D:7)
  Blork the orc (D:6)
  2 kobold brigands
  2 necrophages
  4 bullfrogs
  2 gnoll sergeants
  A howler monkey (D:10)
  4 hounds
  2 orc priests
  2 jellies
  A gnoll bouda (D:7)
  3 iguanas
  6 orc wizards
  9 gnolls
  6 adders
  4 shadow imps
  6 white imps
  2 ufetubi
  A worm (D:5)
  4 dart slugs
  21 orcs
  6 endoplasms
  3 giant cockroaches (D:1)
  11 goblins
  4 hobgoblins
  3 jackals (D:5)
  23 kobolds
  A quokka (D:5)
  9 ball pythons
  4 bats
  10 frilled lizards (D:3)
  2 rats
200 creatures vanquished.

Vanquished Creatures (others)
  6 demonic plants (D:8)
  7 plants (D:3)
13 creatures vanquished.

Grand Total: 213 creatures vanquished

Notes
Turn   | Place    | Note
-------+----------+-------------------------------------------
     0 | D:1      | Flugkiller the Minotaur Fighter began the quest for the
                  | Orb.
     0 | D:1      | Reached XP level 1. HP: 19/19 MP: 0/0
   158 | D:1      | Reached skill level 3 in Axes
   158 | D:1      | Reached XP level 2. HP: 27/27 MP: 1/1
   489 | D:1      | Reached XP level 3. HP: 33/33 MP: 2/2
   922 | D:2      | Found a faded altar of an unknown god.
  1127 | D:3      | Reached skill level 4 in Axes
  1179 | D:3      | Reached XP level 4. HP: 40/40 MP: 3/3
  1361 | D:3      | Noticed an ice beast
  1367 | D:3      | Killed an ice beast
  1368 | D:3      | Reached skill level 5 in Axes
  1368 | D:3      | Reached XP level 5. HP: 42/47 MP: 4/4
  1727 | D:5      | Entered Level 5 of the Dungeon
  1865 | D:5      | Reached skill level 5 in Fighting
  1895 | D:5      | Reached skill level 5 in Armour
  1955 | D:5      | Reached XP level 6. HP: 36/56 MP: 5/5
  2210 | D:5      | Found a sacrificial altar of Ru.
  2251 | D:5      | Noticed an ice beast
  2258 | D:5      | Reached skill level 6 in Axes
  2259 | D:5      | Killed an ice beast
  2469 | D:5      | Identified the -2 pair of gloves of Odworez {Drain rPois
                  | rF+}
  2641 | D:5      | Reached XP level 7. HP: 53/62 MP: 6/6
  2745 | D:5      | Reached skill level 7 in Axes
  3046 | D:4      | Found a snail-covered altar of Cheibriados.
  3281 | D:4      | Found a broken altar of Ashenzari.
  4074 | D:4      | Became a worshipper of Cheibriados the Contemplative
  4100 | D:6      | Noticed Blork the orc
  4113 | D:6      | Killed Blork the orc
  4114 | D:6      | Reached skill level 1 in Dodging
  4114 | D:6      | Reached skill level 1 in Invocations
  4535 | D:6      | Reached skill level 8 in Axes
  4535 | D:6      | Reached XP level 8. HP: 70/71 MP: 6/8
  4557 | D:6      | Noticed Sigmund
  4565 | D:6      | Killed Sigmund
  4594 | D:6      | Noticed Maggie
  4612 | D:6      | Killed Maggie
  4846 | D:6      | Identified the +4 short sword "Ohigusm" {elec, Will+}
  4868 | D:6      | Noticed a two-headed ogre
  4872 | D:6      | Reached * piety under Cheibriados
  4877 | D:6      | HP: 1/71 [two-headed ogre/+1 dire flail of protection (12)]
  4879 | D:6      | Killed a two-headed ogre
  4880 | D:6      | Reached skill level 9 in Axes
  4880 | D:6      | Reached XP level 9. HP: 2/79 MP: 8/10
  5288 | D:6      | Identified the +9 hand axe "Axust" {freeze, *Rage rPois
                  | Will+++ Str+5}
  5917 | D:7      | Noticed Pikel
  5924 | D:7      | Killed Pikel
  5925 | D:7      | Reached skill level 10 in Axes
  5967 | D:7      | Found a shadowy altar of Dithmenos.
  6113 | D:7      | Found a sparkling altar of Nemelex Xobeh.
  6144 | D:7      | Found a hide-covered altar of Uskayaw.
  6144 | D:7      | Noticed a troll
  6149 | D:7      | Killed a troll
  6434 | D:7      | Found a staircase to the Ecumenical Temple.
  6551 | D:7      | Found a glowing silver altar of Zin.
  6553 | D:7      | Noticed a seven-headed hydra
  6558 | D:7      | Killed a 12-headed hydra
  6559 | D:7      | Reached skill level 11 in Axes
  6559 | D:7      | Reached skill level 5 in Dodging
  6559 | D:7      | Reached XP level 10. HP: 72/90 MP: 12/12
  7180 | D:8      | Found a transporter.
  7183 | D:8      | Found a transporter.
  7185 | D:8      | Noticed diceflayer's ghost (novice DsFi)
  7224 | D:8      | Reached ** piety under Cheibriados
  7258 | D:8      | Paralysed by a kobold brigand for 5 turns
  7734 | D:8      | Found a stormy altar of Qazlal.
  8062 | D:9      | Noticed Prince Ribbit
  8079 | D:9      | Killed Prince Ribbit
  8080 | D:9      | Reached skill level 5 in Invocations
  8324 | D:9      | Reached *** piety under Cheibriados
  8328 | D:9      | Found a white marble altar of Elyvilon.
  8363 | D:9      | Noticed Erolcha
  8370 | D:9      | Killed Erolcha
  8371 | D:9      | Reached skill level 12 in Axes
  8739 | D:10     | Entered Level 10 of the Dungeon
  8742 | D:10     | Noticed a two-headed ogre
  8759 | D:10     | Killed a two-headed ogre
  8760 | D:10     | Reached XP level 11. HP: 40/97 MP: 14/14
  8911 | D:10     | Noticed Urug
  8924 | D:10     | Reached skill level 13 in Axes
  8937 | D:10     | Slain by Urug

Illustrated notes

Levels and vault maps discovered:
D:1:      mrwooster_arrival_statue_2, layout_basic
D:2:      layout_rooms, ebering_ecumenical_altar_ruins
D:3:      layout_rooms, serial_curves, eino_curves_03, eino_curves_02,
          minmay_lizard_king
D:4:      wad_pebble_path, layout_layer_cave, kennysheep_slug_shrine,
          mainiacjoe_overflow_small_starburst
D:5:      layout_basic, nicolae_ru_the_path_less_chosen,
          nicolae_ossuary_entry_false_entrances
D:6:      layout_loops_ring, minmay_misc_feat_pillars, uniq_maggie,
          uniq_sigmund, uniq_blork_the_orc
D:7:      layout_loops_ring, nemelex_xobeh_ov_fountains_minmay,
          lemuel_crystal_altar, minmay_temple_entry_waves,
          hangedman_feature_mirror, uniq_pikel
D:8:      layout_cave_pods, amcnicky_altar_gilded,
          gammafunk_ghost_abyssal_escape, serial_demonic, serial_demonic_d,
          serial_demonic_c, serial_demonic_g, serial_demonic_g, serial_demonic_b
D:9:      layout_basic, mainiacjoe_overflow_tiny_flanked, feat_on_display,
          uniq_prince_ribbit1, uniq_erolcha
D:10:     layout_long_grid, mainiacjoe_overflow_cross_hatched,
          chequers_temple_overflow_minitemple, erik_orc_1, nicolae_sextant,
          chequers_serial_rivers_room_b, grunt_decor_junction, uniq_urug

Skill      XL: |  1  2  3  4  5  6  7  8  9 10 11 |
---------------+----------------------------------+-----
Axes           | 3 4 5 6 8 9 11 12 13 | 13.0
Fighting       | 4 5 6 7 8 9 |  9.7
Armour         | 4 5 6 7 8 9 |  9.7
Dodging        | 1 3 5 6 |  6.9
Invocations    | 1 3 4 6 |  6.2
Shields        | |  3.6

Action                   |  1- 3 |  4- 6 |  7- 9 | 10-12 || total
-------------------------+-------+-------+-------+-------++-------
Melee: War axe           |    73 |    76 |   120 |   159 ||   428
       Headbutt          |    14 |    14 |    31 |    41 ||   100
       Hand axe          |       |       |    50 |       ||    50
Evoke: Wand              |       |       |       |     1 ||     1
  Use: Potion            |       |     1 |     1 |     3 ||     5
 Stab: Paralysed         |       |       |       |     3 ||     3
Armor: Scale mail        |    32 |    34 |    42 |    13 ||   121
       Plate armour      |       |       |       |    45 ||    45
Dodge: Dodged            |    42 |    36 |    59 |   100 ||   237
Block: Buckler           |    14 |    23 |    66 |    79 ||   182
       Reflection        |       |       |     3 |     3 ||     6
